 Dungeon Crawl Stone Soup version 0.29.1-15-g9cfb28693d (webtiles) character file.

Game seed: 15155147880300486272

38 Smoke131 the Poker (level 3, 0/32 (37) HPs)
             Began as an Ogre Gladiator on Mar 7, 2023.
             Slain by Terence
             ... wielding the +7 Throatcutter {drain, coup de grace}
              (1 damage)
             ... on level 2 of the Dungeon.
             The game lasted 00:02:40 (1458 turns).

Smoke131 the Poker (Ogre Gladiator)                 Turns: 1458, Time: 00:02:41

HP:   0/32 (37)     AC:  3    Str: 20    XL:     3   Next: 43%
MP:   3/3           EV:  8    Int:  9    God:
Gold: 104           SH:  6    Dex: 10    Spells: 2/2 levels left

rFire   . . .      SeeInvis .   a - +0 trident
rCold   . . .      Faith    .   k - +0 kite shield
rNeg    . . .      Spirit   .   b - +0 robe
rPois   .          Reflect  .   c - +0 hat
rElec   .          Harm     .   (no cloak)
rCorr   .          Rampage  .   (gloves unavailable)
Will    .....                   (boots unavailable)
Stlth   +.........              (no amulet)
HPRegen 0.10/turn               (no ring)
MPRegen 0.08/turn               (no ring)

@: heavily drained
A: large, unfitting armour, tough skin 1
a: no special abilities


You were on level 2 of the Dungeon.
You visited 1 branch of the dungeon, and saw 2 of its levels.

You collected 104 gold pieces.

Inventory:

Hand Weapons
 a - a +0 trident (weapon)
Missiles
 d - 3 throwing nets
 o - a javelin (quivered)
Armour
 b - a +0 robe (worn)
 c - a +0 hat (worn)
 k - a +0 kite shield (worn)
Scrolls
 f - 4 scrolls of identify {unknown}
 h - a scroll of blinking {unknown}
 i - a scroll of teleportation {unknown}
 j - a scroll of enchant armour {unknown}
 l - 3 scrolls of butterflies {unknown}
 m - a scroll of magic mapping {unknown}
Potions
 g - 2 potions of curing {unknown}
 n - a potion of attraction {unknown}
 p - a potion of haste {unknown}


   Skills:
 + Level 3.2 Fighting
 + Level 3.2 Polearms
 + Level 2.4 Throwing
 + Level 0.7 Armour
 - Level 3.0 Dodging
 + Level 0.3 Shields


You had 2 spell levels left.
You didn't know any spells.
Your spell library was empty.

Dungeon Overview and Level Annotations

Branches:
Dungeon (2/15)

Altars:
Cheibriados

Annotations:
D:2 Terence


Innate Abilities, Weirdness & Mutations

You are too large for most types of armour.
You have tough skin. (AC +1)


Message History

Terence the Incautious comes into view.
He is wielding the +7 Throatcutter {drain, coup de grace}.
Terence shouts!
Throw: large rock
Press: ? - help, Q - select action, (/) - cycle Shift-Dir - straight line, f - Terence
Aim: Terence, wielding the +7 Throatcutter {drain, coup de grace} and wearing a +0 scale mail (61% to hit)
You throw a large rock.
The large rock hits Terence but does no damage.
Throw: 6 javelins
Press: ? - help, Q - select action, (/) - cycle Shift-Dir - straight line, f/p - Terence
Aim: Terence, wielding the +7 Throatcutter {drain, coup de grace} and wearing a +0 scale mail (61% to hit)
You throw a javelin. The javelin closely misses Terence.
Terence says, "Don't bother to defend, it's senseless."
Throw: 5 javelins
Press: ? - help, Q - select action, (/) - cycle Shift-Dir - straight line, f/p - Terence
Aim: Terence, wielding the +7 Throatcutter {drain, coup de grace} and wearing a +0 scale mail (61% to hit)
You throw a javelin.
The javelin pierces through Terence but does no damage.
Throw: 4 javelins
Press: ? - help, Q - select action, (/) - cycle Shift-Dir - straight line, f/p - Terence
Aim: Terence, wielding the +7 Throatcutter {drain, coup de grace} and wearing a +0 scale mail (61% to hit)
You throw a javelin. The javelin pierces through Terence!
Terence is heavily wounded.
You block Terence's attack.
Throw: 3 javelins
Press: ? - help, Q - select action, (/) - cycle Shift-Dir - straight line, f/p - Terence
Aim: Terence, wielding the +7 Throatcutter {drain, coup de grace} and wearing a +0 scale mail (heavily wounded, 61% to hit)
You throw a javelin. The javelin barely misses Terence.
Terence hits you with the +7 Throatcutter {drain, coup de grace}!
You feel drained.
Terence hits you with the +7 Throatcutter {drain, coup de grace}!
You feel drained.
Throw: 2 javelins
Press: ? - help, Q - select action, (/) - cycle Shift-Dir - straight line, f/p - Terence
Aim: Terence, wielding the +7 Throatcutter {drain, coup de grace} and wearing a +0 scale mail (heavily wounded, 61% to hit)
You throw a javelin. The javelin closely misses Terence.
Terence bares his teeth.
Terence hits you with the +7 Throatcutter {drain, coup de grace}!
* * * LOW HITPOINT WARNING * * *
You feel drained.
You die...

.......## #. ........######### #.
........#.......# ##### #.
........#.......# #...# #.
........#.......# #...# #.
........#.......## #...# #####.
.........((......# #...###.....
........##.......#####....)......
........##(..._@@#........###...#
........#..#.......###...######..
.......!..##.....### #...# #.....
........## ##.##.# ##.## #.....
.......## #....# ###.# #.....
<.....# #.##.####...####.....
...##. ....... .............. ...
#. ##.....####............
...##.......####.###..


You could see Terence.

Vanquished Creatures
  2 dart slugs (D:1)
  A ball python (D:1)
  3 endoplasms
  2 hobgoblins
  6 jackals (D:1)
  3 kobolds
  4 quokkas
  3 bats
  2 frilled lizards
  5 rats
31 creatures vanquished.

Notes
Turn   | Place    | Note
-------+----------+-------------------------------------------
     0 | D:1      | Smoke131 the Ogre Gladiator began the quest for the Orb.
     0 | D:1      | Reached XP level 1. HP: 22/22 MP: 1/1
   108 | D:1      | Reached XP level 2. HP: 28/29 MP: 2/2
   407 | D:1      | Found a faded altar of an unknown god.
   790 | D:1      | Reached XP level 3. HP: 30/37 MP: 3/3
  1427 | D:2      | Found a snail-covered altar of Cheibriados.
  1442 | D:2      | Noticed Terence
  1458 | D:2      | HP: 1/33 [Terence/the +7 Throatcutter {drain, coup de
                  | grace} (11)]
  1458 | D:2      | Slain by Terence

Illustrated notes

Levels and vault maps discovered:
D:1:      dpeg_arrival_leaves_temple_mockup, layout_basic,
          ebering_ecumenical_altar_webs, serial_co_window_serial,
          co_window_of_opportunity_a, co_window_of_opportunity_a,
          co_window_corner_a, co_window_paths_b, co_window_of_opportunity_a,
          co_window_of_opportunity_c, co_window_unsneaky_path_c,
          co_window_corner_ca
D:2:      layout_rooms, basic_altar, uniq_terence

Skill      XL: |  1  2  3 |
---------------+----------+-----
Fighting       | 3 |  3.2
Dodging        | 3 |  3.0
Polearms       | |  3.2
Throwing       | |  2.4
Armour         | |  0.7
Shields        | |  0.3

Action                   || total
-------------------------++-------
Melee: Trident           ||    96
Throw: Javelin           ||     5
       Large rock        ||     1
Armor: Robe              ||    37
Dodge: Dodged            ||    44
Block: Kite shield       ||     9
